 Dungeon Crawl Stone Soup version 0.22-a0-443-g17c3723 (webtiles) character file.

110 Gorglomux the Chopper (level 4, -2/28 HPs)
             Began as a Gargoyle Fighter on June 1, 2018.
             Killed from afar by an orc wizard (6 damage)
             ... with a magic dart
             ... on level 4 of the Dungeon.
             The game lasted 00:00:47 (1668 turns).

Gorglomux the Chopper (Gargoyle Fighter)            Turns: 1668, Time: 00:00:47

Health: -2/28      AC: 10    Str: 26    XL:     4   Next: 91%
Magic:  4/4        EV:  7    Int:  8    God:
Gold:   84         SH:  9    Dex:  9    Spells: 3/3 levels left

rFire    . . .     SeeInvis .   a - +0 war axe
rCold    . . .     Gourm    .   c - +0 shield
rNeg     + . .     Faith    .   b - +0 scale mail
rPois    ∞         Spirit   .   (no helmet)
rElec    +         Reflect  .   (no cloak)
rCorr    .         Harm     .   (no gloves)
MR       .....                  (no boots)
Stlth    ..........             (no amulet)
HPRegen  0.09/turn              (no ring)
MPRegen  0.09/turn              (no ring)

@: mighty
A: negative energy resistance 1, electricity resistance, unbreathing,
petrification resistance, rot immunity, AC +3
a: no special abilities


You were on level 4 of the Dungeon.
You were not hungry.

You visited 1 branch of the dungeon, and saw 4 of its levels.

You collected 84 gold pieces.

Inventory:

Hand Weapons
 a - a +0 war axe (weapon)
Armour
 b - a +0 scale mail (worn)
 c - a +0 shield (worn)
Jewellery
 o - a cursed ring of teleportation {unknown}
Scrolls
 h - a scroll of fog {unknown}
 i - a scroll of immolation {unknown}
 j - a scroll of teleportation {unknown}
 m - 2 scrolls of identify {unknown}
 n - a scroll of remove curse {unknown}
 p - a scroll of amnesia {unknown}
Comestibles
 f - 3 rations
 q - 3 chunks of flesh


   Skills:
 - Level 3.2 Fighting
 + Level 4.4 Axes
 - Level 3.2 Armour
 - Level 3.2 Shields


You had 3 spell levels left.
You didn't know any spells.
Your spell library was empty.

Dungeon Overview and Level Annotations

Branches:
Dungeon (4/15)
 Temple: D:4-7

Altars:
Dithmenos

Annotations:
D:3 TheNamelessOne's ghost, amateur GrFi


Innate Abilities, Weirdness & Mutations

You are resistant to torment.
Your stone body is resilient. (AC +3)
You are immune to poison.
You resist negative energy. (rN+)
You are resistant to electric shocks. (rElec)
You can survive without breathing.
You are immune to petrification.
You are immune to rotting.


Message History

* * * don't die
* * * You are too injured to fight recklessly!!!
You are too injured to fight butt-ly!!!
You are too injured to fight recklessly!!!
You are too injured to fight recklessly!!!
You are too injured to fight recklessly!!!
You are too injured to fight recklessly!!!
You are too injured to fight recklessly!!!
You are too injured to fight recklessly!!!
It was a potion of cancellation!
You feel magically purged!
Butt block the orc wizard's attack!
The orc wizard points at you and mumbles some strange words!
The magic dart hits you!!! * * * don't die
* * * The orc wizard barely misses you!
You feel very mighty all of a sudden!
The orc wizard hits you but does no damage!
The orc wizard points at you and mumbles some strange words!
The magic dart hits you!!! rip

#...## ##.### ... #.#..
... #.#.# #.# #.#.# #.#
#.#.# .##.######.#
#.... .....oo.##.##
###.#
#@#...##########.#
.###o†...........##.#
#..........######.##.#
...###.##.#.######.##.#
# #.####.##........#
#). .........#### ###
##########


You could see 3 orc wizards.

Vanquished Creatures
  3 adders
  An ooze (D:1)
  2 dart slugs
  2 leopard geckos
  10 orcs
  3 bats
  2 giant cockroaches (D:1)
  9 goblins
  8 hobgoblins
  3 jackals (D:3)
  7 frilled lizards
  3 kobolds (D:2)
  8 rats
61 creatures vanquished.

Notes
Turn   | Place    | Note
-------+----------+-------------------------------------------
     0 | D:1      | Gorglomux the Gargoyle Fighter began the quest for the Orb.
     0 | D:1      | Reached XP level 1. HP: 14/14 MP: 1/1
    37 | D:1      | Reached skill level 2 in Axes
   104 | D:1      | Reached XP level 2. HP: 19/19 MP: 2/2
   314 | D:1      | Reached skill level 3 in Axes
   337 | D:1      | Reached XP level 3. HP: 23/23 MP: 3/3
   628 | D:2      | Reached XP level 4. HP: 25/28 MP: 4/4
   905 | D:3      | Reached skill level 4 in Axes
   994 | D:3      | Noticed TheNamelessOne's ghost (amateur GrFi)
  1562 | D:4      | Found a shadowy altar of Dithmenos.
  1668 | D:4      | Killed from afar by an orc wizard

Vault maps used:
D:1:      giann_horns, minmay_gold_behind_fungi
D:3:      minmay_lizard_king
D:4:      kennysheep_mini_moat, grunt_dithmenos_smoke

Skill      XL: |  1  2  3  4 |
---------------+-------------+-----
Axes           | 2 3 4 |  4.4
Fighting       | |  3.2
Armour         | |  3.2
Shields        | |  3.2

Action                   |  1- 3 |  4- 6 || total
-------------------------+-------+-------++-------
Melee: War axe           |    82 |   101 ||   183
  Use: Potion            |       |     2 ||     2
  Eat: Chunk             |       |     3 ||     3
Armor: Scale mail        |    44 |    52 ||    96
Dodge: Dodged            |    31 |    33 ||    64
Block: Shield            |    47 |    71 ||   118

Table legend:
 A = Spawn XP
 B = Non-spawn XP
 C = Spawn XP percentage of total XP
 D = Spawn monster count
 E = Non-spawn monster count
 F = Spawn count percentage of total count
 G = Total turns spent on level
                    A         B        C        D         E        F      G
               +---------+---------+-------+---------+---------+-------+---------
         Total |       0 |     158 |   0.0 |       0 |      61 |   0.0 |  1668
               +---------+---------+-------+---------+---------+-------+---------
           D:1 |       0 |      34 |   0.0 |       0 |      18 |   0.0 |   386
           D:2 |       0 |      62 |   0.0 |       0 |      22 |   0.0 |   946
           D:3 |       0 |      33 |   0.0 |       0 |      15 |   0.0 |   230
           D:4 |       0 |      29 |   0.0 |       0 |       6 |   0.0 |   106
               +---------+---------+-------+---------+---------+-------+---------
